 Dungeon Crawl Stone Soup version 0.27.1-33-g824d729ab1 (webtiles) character file.

Game seed: 16426992000514372141

18110 FreshCat the Brawler (level 12, -1/171 HPs)
             Began as a Troll Berserker on Dec 2, 2021.
             Was an Elder of Trog.
             Slain by a seven-headed hydra (14 damage)
             ... on level 1 of the Lair of Beasts on Dec 7, 2021.
             The game lasted 00:57:30 (10184 turns).

FreshCat the Brawler (Troll Berserker)             Turns: 10184, Time: 00:57:31

Health: -1/171     AC:  6    Str: 28    XL:     12   Next: 24%
Magic:  11/11      EV: 11    Int:  6    God:    Trog [****..]
Gold:   520        SH:  0    Dex: 10    Spells: 11/11 levels left

rFire    . . .     SeeInvis .     - Unarmed
rCold    . . .     Faith    .   (no shield)
rNeg     . . .     Spirit   .   m - +0 troll leather armour
rPois    .         Reflect  .   (helmet restricted)
rElec    .         Harm     .   (no cloak)
rCorr    .         Rampage  .   (gloves unavailable)
Will     .....                  (boots unavailable)
Stlth    ..........             (no amulet)
HPRegen  2.38/turn              (no ring)
MPRegen  0.12/turn              (no ring)

@: berserking, studying Armour, very quick
A: large, unfitting armour, claws 3, regeneration 1, shaggy fur 1, tough skin 1
a: Renounce Religion, Berserk, Trog's Hand, Brothers in Arms


You were on level 1 of the Lair of Beasts.
You worshipped Trog.
Trog was greatly pleased with you.
You visited 2 branches of the dungeon, and saw 13 of its levels.
You also visited: Bailey.

You collected 697 gold pieces.
You spent 177 gold pieces at shops.

Inventory:

Missiles
 c - 326 stones
 j - 5 large rocks (quivered)
 q - 24 poisoned darts
 u - 5 throwing nets
 y - 5 boomerangs
 D - 4 boomerangs of dispersal
Armour
 m - a +0 troll leather armour (worn)
 o - a +2 robe
Wands
 e - a wand of polymorph (11)
 k - a wand of flame (43)
 l - a wand of acid (8)
 w - a wand of digging (8)
 F - a wand of iceblast (5)
Scrolls
 b - 2 scrolls of vulnerability
 i - a scroll of teleportation
 p - a scroll of fear
 s - a scroll of silence
 t - a scroll of amnesia {unknown}
 v - a scroll of torment {unknown}
 x - a scroll of enchant weapon {unknown}
 A - 3 scrolls of enchant armour
 B - a scroll of brand weapon {unknown}
 C - a scroll of noise {unknown}
Potions
 a - 2 potions of haste
 d - 3 potions of invisibility
 f - 2 potions of might
 g - 4 potions of flight
 h - 2 potions of degeneration {unknown}
 n - 2 potions of curing {unknown}
 r - 2 potions of brilliance {unknown}
 z - 2 potions of mutation {unknown}
 E - 2 potions of heal wounds


   Skills:
 + Level 6.1 Fighting
 + Level 6.4 Throwing
 + Level 1.0 Armour
 + Level 7.9 Dodging
 + Level 15.0 Unarmed Combat


You had 11 spell levels left.
You didn't know any spells.
Your spell library was empty.

Dungeon Overview and Level Annotations

Branches:
Dungeon (12/15)            Temple (0/1) D:4            Lair (1/6) D:10
    Orc (0/2) D:10         Bailey (visited)

Altars:
Ashenzari
Cheibriados
Gozag
Hepliaklqana
Makhleb
Nemelex Xobeh
Okawaru
Ru
Vehumet
Wu Jian
The Shining One
Beogh

Shops:
D:5 *

Annotations:
D:3 2 runed translucent doors, brob1's ghost, amateur DjFE
D:4 exclusion: downstairs
D:5 exclusion: 2 lemures, Grinder; Pikel
D:6 exclusions: 2 downstairs and upstairs
D:8 Psyche
D:10 exclusions: downstairs and tengu conjurer
D:11 exclusions: cyclops, 2 hydras and tengu warrior
D:12 exclusion: upstairs


Innate Abilities, Weirdness & Mutations

You are too large for most types of armour.
You have claws for hands.
Your natural rate of healing is unusually fast.
You are covered in fur. (AC +1)
You have tough skin. (AC +1)


Message History

The six-headed hydra bites you. x2; The six-headed hydra bites you!
The six-headed hydra completely misses you.
The six-headed hydra bites you!
The six-headed hydra closely misses you.
You barely miss the six-headed hydra.
The six-headed hydra is severely wounded.
The six-headed hydra bites you but does no damage.
The six-headed hydra barely misses you. The six-headed hydra bites you.
The six-headed hydra closely misses you.
The six-headed hydra bites you! The six-headed hydra bites you.
You scratch the six-headed hydra but do no damage.
The six-headed hydra is heavily wounded.
You claw one of the six-headed hydra's heads off!
The five-headed hydra grows two more!
You mangle the seven-headed hydra!!
The seven-headed hydra is almost dead.
The seven-headed hydra bites you!
The seven-headed hydra bites you but does no damage. x2
The seven-headed hydra bites you!
The seven-headed hydra barely misses you.
The seven-headed hydra bites you but does no damage.
The seven-headed hydra bites you!
You are too injured to fight recklessly!
A red film seems to cover your vision as you go berserk!
You feel yourself moving faster!
You feel mighty! The seven-headed hydra bites you.
The seven-headed hydra barely misses you. x2
The seven-headed hydra bites you! x2
* * * LOW HITPOINT WARNING * * *
The seven-headed hydra bites you!
* * * LOW HITPOINT WARNING * * *
The seven-headed hydra bites you!
* * * LOW HITPOINT WARNING * * *
You barely miss the seven-headed hydra.
The seven-headed hydra is severely wounded.
The seven-headed hydra bites you but does no damage. x2
The seven-headed hydra closely misses you.
The seven-headed hydra bites you!
* * * LOW HITPOINT WARNING * * *
The seven-headed hydra bites you!
You die...

##..8.......##
###...†........#
#.....#.......##
.......##........#
..8...##........##
(..... #.........#
8...8 #........##
..... ##........#
..8.. #..@.......
......##D........
#..((.........
#...........##
##.........##
#....#....#
.#...#...##
..##..##### ..
#...


You could see a seven-headed hydra.

Vanquished Creatures
  Harold (D:7)
  5 two-headed ogres
  A centaur warrior (D:9)
  An orc knight (Bailey)
  2 cyclopes
  A gargoyle (D:11)
  A cane toad (Lair:1)
  A freezing wraith (D:10)
  2 trolls
  Prince Ribbit (D:7)
  A vampire (D:11)
  10 yaks
  2 wyverns (D:10)
  4 steam dragons
  3 vampire mosquitoes (D:11)
  3 basilisks
  Menkaure (D:5)
  An acid dragon (D:11)
  3 water moccasins
  14 orc warriors
  2 ice beasts
  5 sky beasts
  6 black bears
  3 necrophages
  A wolf (D:10)
  2 ogres
  9 centaurs
  A phantom (D:6)
  A kobold brigand (D:8)
  4 bullfrogs
  2 scorpions
  7 wights
  3 howler monkeys
  A jelly (D:7)
  9 centaur zombies
  2 hounds
  5 orc priests
  A gnoll shaman (D:7)
  2 centaur skeletons
  3 iguanas
  10 orc wizards
  A killer bee zombie (D:8)
  2 hound zombies (D:4)
  2 howler monkey skeletons
  2 gnolls (D:1)
  7 adders
  A white imp (D:5)
  4 adder zombies (D:4)
  3 adder skeletons (D:4)
  A worm (D:1)
  A dart slug (D:3)
  33 orcs
  10 endoplasms
  5 giant cockroaches
  6 goblins
  5 hobgoblins
  4 jackals
  3 quokkas (D:1)
  2 ball pythons
  3 bats
  3 frilled lizards
  11 kobolds
  2 rats (D:2)
248 creatures vanquished.

Vanquished Creatures (collateral kills)
  A centaur warrior (D:10)
  A centaur zombie (D:10)
  A tengu conjurer (D:10)
3 creatures vanquished.

Vanquished Creatures (others)
  2 fungi (D:10)
  17 plants
  A withered plant (D:4)
20 creatures vanquished.

Grand Total: 271 creatures vanquished

Notes
Turn   | Place    | Note
-------+----------+-------------------------------------------
     0 | D:1      | FreshCat the Troll Berserker began the quest for the Orb.
     0 | D:1      | Reached XP level 1. HP: 22/22 MP: 0/0
   108 | D:1      | Reached XP level 2. HP: 29/29 MP: 1/1
   314 | D:1      | Reached XP level 3. HP: 36/36 MP: 2/2
   764 | D:2      | Reached ** piety under Trog
   765 | D:2      | Reached skill level 4 in Unarmed Combat
   812 | D:2      | Reached XP level 4. HP: 34/44 MP: 3/3
   936 | D:2      | Found a faded altar of an unknown god.
  1284 | D:3      | Found a runed translucent door.
  1290 | D:4      | Found a staircase to the Ecumenical Temple.
  1297 | D:3      | Noticed brob1's ghost (amateur DjFE)
  1364 | D:3      | Found a runed translucent door.
  1758 | D:3      | Found a snail-covered altar of Cheibriados.
  2016 | D:4      | Noticed a scorpion
  2023 | D:4      | Reached XP level 5. HP: 53/53 MP: 4/4
  2032 | D:4      | Reached skill level 5 in Unarmed Combat
  2225 | D:5      | Entered Level 5 of the Dungeon
  2242 | D:4      | Reached XP level 6. HP: 45/61 MP: 5/5
  2246 | D:4      | Reached *** piety under Trog
  2359 | D:5      | Found an opulent altar of Gozag.
  2418 | D:4      | Reached skill level 6 in Unarmed Combat
  2425 | D:4      | Noticed an ice beast
  2431 | D:4      | Killed an ice beast
  2440 | D:5      | Noticed Pikel
  2732 | D:5      | Reached XP level 7. HP: 67/67 MP: 6/6
  2798 | D:5      | Found Varphiul's General Store.
  2806 | D:5      | Bought a +2 robe for 177 gold pieces
  2980 | D:5      | Found a sparkling altar of Nemelex Xobeh.
  2990 | D:5      | Reached skill level 7 in Unarmed Combat
  3109 | D:5      | Noticed Menkaure
  3117 | D:5      | Killed Menkaure
  3259 | D:5      | Noticed Grinder
  3319 | D:6      | Reached skill level 1 in Throwing
  3319 | D:6      | Reached skill level 8 in Unarmed Combat
  3323 | D:7      | Noticed Harold
  3336 | D:6      | Noticed a steam dragon
  3337 | D:6      | Reached XP level 8. HP: 64/75 MP: 7/7
  3511 | D:6      | Found a sacrificial altar of Ru.
  3522 | D:6      | Reached skill level 9 in Unarmed Combat
  3767 | D:6      | Reached skill level 5 in Dodging
  3866 | D:6      | Reached **** piety under Trog
  3867 | D:6      | Reached XP level 9. HP: 84/84 MP: 8/8
  4220 | D:7      | Found an iron altar of Okawaru.
  4408 | D:7      | Found a glowing golden altar of the Shining One.
  4411 | D:7      | Reached skill level 10 in Unarmed Combat
  4502 | D:8      | Noticed a two-headed ogre
  4511 | D:8      | Killed a two-headed ogre
  4512 | D:8      | Reached skill level 11 in Unarmed Combat
  4852 | D:7      | Found a radiant altar of Vehumet.
  5107 | D:7      | Found a broken altar of Ashenzari.
  5280 | D:7      | Reached XP level 10. HP: 92/94 MP: 9/9
  5397 | D:7      | Killed Harold
  5398 | D:7      | Reached skill level 12 in Unarmed Combat
  5449 | D:7      | Noticed Prince Ribbit
  5456 | D:7      | Killed Prince Ribbit
  5720 | D:8      | Found an ornate altar of the Wu Jian Council.
  5721 | D:8      | Noticed Psyche
  5857 | D:8      | Reached skill level 5 in Fighting
  6035 | D:8      | Found a burning altar of Makhleb.
  6035 | D:8      | Noticed a cyclops
  6041 | D:8      | Killed a cyclops
  6104 | D:9      | Found a hazy altar of Hepliaklqana.
  6142 | D:9      | Noticed a centaur warrior
  6158 | D:9      | Killed a centaur warrior
  6536 | D:10     | Entered Level 10 of the Dungeon
  6544 | D:10     | Reached skill level 13 in Unarmed Combat
  6660 | D:9      | Noticed a two-headed ogre
  6665 | D:9      | Killed a two-headed ogre
  6849 | D:9      | Noticed a two-headed ogre
  6852 | D:9      | Killed a two-headed ogre
  6853 | D:9      | Reached XP level 11. HP: 94/104 MP: 10/10
  7239 | D:10     | Found a staircase to the Orcish Mines.
  7514 | D:10     | Found a staircase to the Lair.
  7690 | D:10     | Reached skill level 14 in Unarmed Combat
  7804 | D:10     | Noticed a centaur warrior
  7804 | D:10     | Noticed a two-headed ogre
  7811 | D:10     | Killed a centaur warrior
  7831 | D:10     | Killed a two-headed ogre
  7945 | D:11     | Noticed a seven-headed hydra
  8490 | D:12     | Found a flagged portal.
  8499 | Bailey   | Entered a bailey
  9034 | Bailey   | Reached skill level 5 in Throwing
  9284 | Bailey   | Noticed an orc knight
  9299 | Bailey   | Killed an orc knight
  9506 | D:11     | Noticed a boulder beetle
  9512 | D:12     | Reached XP level 12. HP: 58/114 MP: 11/11
  9704 | D:11     | Noticed a tengu warrior
  9865 | D:11     | Noticed a two-headed ogre
  9868 | D:11     | Killed a two-headed ogre
  9932 | D:11     | Noticed a six-headed hydra
 10075 | Lair:1   | Entered Level 1 of the Lair of Beasts
 10155 | Lair:1   | Noticed a six-headed hydra
 10164 | Lair:1   | Reached skill level 1 in Armour
 10164 | Lair:1   | Reached skill level 15 in Unarmed Combat
 10184 | Lair:1   | Slain by a seven-headed hydra

Illustrated notes

Levels and vault maps discovered:
D:1:      lightli_arrival_statue_moat, layout_basic
D:2:      layout_basic, hellmonk_ecumenical_altar_run_dry, serial_bayou_pond_a,
          item_on_display_a
D:3:      layout_loops_cross, mainiacjoe_overflow_24_doors,
          ebering_ghost_sewer_f
D:4:      layout_basic, minmay_temple_entry_arrows, serial_undead,
          serial_undead_a, serial_undead_e, serial_undead_f, serial_undead_c,
          minmay_ruptured
D:5:      layout_layer_cave, mainiacjoe_overflow_alcove_1,
          mainiacjoe_overflow_boulevard, serial_bayou, serial_bayou_pond_d,
          serial_bayou_pond_c, serial_bayou_pond_d, serial_bayou_crossing,
          serial_shops, nicolae_square_shop, minivault_14, uniq_pikel,
          uniq_menkaure, uniq_grinder
D:6:      cheibrodos_steamvent, layout_loops_cross,
          nicolae_ru_great_annihilating_truth
D:7:      layout_cave_pods, ashenzari_conservatory_becter, lemuel_crystal_altar,
          okawaru_trees_1, mainiacjoe_overflow_paths,
          minmay_fractal_squares_diagonal_5, uniq_prince_ribbit1, uniq_harold
D:8:      layout_basic, nzn_wu_jian_contemplation, lightli_temple_of_fire,
          uniq_psyche
D:9:      layout_layer_cave, nzn_hepliaklqana_mist_gate, st_stairs_10,
          nrook_uturn
D:10:     layout_roguey, minmay_lair_entry_grove, minmay_orc_entry_temple_small,
          minmay_bent
D:11:     layout_rooms, st_stairs_1
D:12:     layout_loops_ring, enter_bailey_8, nemelex_xobeh_ov_fountains_minmay
Lair:1:   gammafunk_worm_tunnel, layout_hall_layers, serial_bayou_shore_b,
          grunt_megastairs_4

Skill      XL: |  1  2  3  4  5  6  7  8  9 10 11 12 |
---------------+-------------------------------------+-----
Unarmed Combat | 4 5 6 8 9 11 13 14 15 | 15.0
Dodging        | 3 4 5 7 |  7.9
Fighting       | 3 4 5 6 |  6.1
Throwing       | 1 2 3 5 6 |  6.4
Armour         | 1 |  1.0

Action                   |  1- 3 |  4- 6 |  7- 9 | 10-12 || total
-------------------------+-------+-------+-------+-------++-------
Melee: Unarmed           |    94 |   141 |   230 |   294 ||   759
       Punch             |     2 |     3 |     9 |    31 ||    45
Throw: Stone             |       |     5 |    21 |     5 ||    31
       Large rock        |       |       |       |    42 ||    42
       Boomerang         |       |       |       |    40 ||    40
       Dart              |       |       |       |    25 ||    25
Invok: Berserk           |       |     1 |     4 |     9 ||    14
       Trog's Hand       |       |       |     1 |     7 ||     8
       Brothers in Arms  |       |       |       |     1 ||     1
  Use: Scroll            |     2 |     5 |     4 |     6 ||    17
       Potion            |       |       |       |     2 ||     2
 Stab: Sleeping          |       |     1 |       |       ||     1
       Paralysed         |       |       |     1 |       ||     1
Armor: Animal skin       |    31 |    44 |       |       ||    75
       Robe              |       |       |    82 |    74 ||   156
       Troll leather arm |       |       |       |    11 ||    11
Dodge: Dodged            |    58 |    73 |    91 |   210 ||   432
